[Event "*** Titled Tuesday Blitz"]
[Site "Chess.com"]
[Date "2021.03.16"]
[Round "11"]
[White "ChessQueen"]
[Black "Gabix_94"]
[Result "1-0"]
[WhiteElo "2726"]
[BlackElo "2803"]
[TimeControl "180+1"]
[EndTime "12:05:58 PDT"]
[Termination "ChessQueen won by resignation"]

1. e4 e5 2. Nf3 Nc6 3. Bc4 Nf6 4. d3 Be7 5. O-O O-O 6. Re1 d6 7. a4 Kh8 8. Nc3 Ng8 9. Nd5 f5 10. Nxe7 Ncxe7 11. Ng5 Qe8 12. exf5 Nxf5 13. f4 Qg6 14. fxe5 dxe5 15. Rxe5 Bd7 16. Bd2 Ngh6 17. Kh1 Nd6 18. Be6 Rae8 19. Qe2 Bc6 20. Rf1 Bxa4 21. b3 Bc6 22. h3 b6 23. Rxf8+ Rxf8 24. Bc3 Nhf5 25.
Bxf5 Nxf5 26. Qg4 Bd7 27. Ne6 Bxe6 28. Qxg6 hxg6 29. Rxe6 Kh7 30. Kh2 Rf7 31. Re4 g5 32. Re5 Kh6 33. Re6+ g6 34. Rc6 Nh4 35. Bd4 g4 36.
Be3+ Kh5 37. Rc4 g3+ 38. Kxg3 Nf5+ 39. Kf2 Nh4+ 40. Rf4 Rxf4+ 41. Bxf4 g5 42. Bxc7 Kg6 43. Bb8 a6 44. Ba7 b5 45. g4 Kf7 46. Bd4 Ng6 47. Be3 Kf6 48. Kf3 b4 49. Ke4 Ke6 50. Bxg5 a5 51. Be3 Ne5 52. Bb6 Nc6 53. h4 Kf6 54. g5+ Kg6 55. Kf4 Ne7 56. Bxa5 Nd5+ 57. Ke4 Nc3+ 58. Kd4 Nb5+ 59. Kc4 Na3+ 60. Kxb4 Nxc2+ 61. Kc3 Ne1 62. b4 Nf3 63. b5 Nxh4 64. b6 Nf5 65. b7 Ne7 66. b8=Q Nd5+ 67. Kd4 1-0

[Event "*** Titled Tuesday Blitz"]
[Site "Chess.com"]
[Date "2021.03.16"]
[Round "11"]
[White "Julianos82"]
[Black "pavelalexandru07"]
[Result "0-1"]
[WhiteElo "2377"]
[BlackElo "2304"]
[TimeControl "180+1"]
[EndTime "12:06:01 PDT"]
[Termination "pavelalexandru07 won on time"]

1. d4 Nf6 2. Nf3 c5 3. d5 b5 4. a4 bxa4 5. c4 d6 6. Nc3 g6 7. e4 Bg7 8. h3 O-O 9. Bd3 e6 10. O-O exd5 11. exd5 Na6 12. Bf4 Nb4 13. Bb1 Ba6 14. Nd2 Re8 15. Qxa4 Nh5 16. Bh2 Bh6 17.
Nde4 Bxc4 18. Rd1 Bf8 19. g4 Nf6 20. f3 Nxe4 21. fxe4 Qg5 22. Bg3 h5 23. Ra3 hxg4 24.
hxg4 Qxg4 25. Kh2 Qh5+ 26. Kg2 Be2 27. Nxe2 Qxe2+ 28. Kg1 Bg7 29. Bf2 Qg4+ 30. Rg3 Qh5 31. e5 Bxe5 32. Rg2 Qh6 33. Rf1 Bd4 34. Bxd4 cxd4 35.
Qxb4 Qe3+ 36. Rff2 Rab8 37. Qd2 Qxd2 38. Rxd2 Re1+ 39.
Kh2 Rxb1 40. Rxd4 R1xb2 41. Ra4 Rxg2+ 42. Kxg2 Rb2+ 43. Kf3 Rd2 44. Ke4 Re2+ 45. Kd4 Re7 46. Ra6 Rd7 47. Ke4 Kg7 48. Kf4 Kf6 49. Ke4 g5 50. Rc6 Kg6 51. Ra6 f5+ 52. Kf3 Kf6 53. Rc6 Ke5 54. Rc8 Kxd5 55. Rg8 g4+ 56. Kf4 Rf7 0-1

[Event "*** Titled Tuesday Blitz"]
[Site "Chess.com"]
[Date "2021.03.16"]
[Round "11"]
[White "Bodnar_Mykola"]
[Black "Evgeny81"]
[Result "0-1"]
[WhiteElo "2520"]
[BlackElo "2779"]
[TimeControl "180+1"]
[EndTime "12:06:03 PDT"]
[Termination "Evgeny81 won by resignation"]

1. e4 c6 2. d4 d5 3. exd5 cxd5 4. Bd3 Nc6 5. c3 g6 6. Bf4 Nf6 7. h3 Bf5 8. Be2 h5 9. Na3 Bg7 10. Nf3 O-O 11. O-O Ne4 12. Nc2 Qd7 13. Ne3 Rae8 14. Nxf5 Qxf5 15. Bh2 Qd7 16. Bd3 f5 17. Bb5 f4 18. Nh4 Qd6 19. f3 Ng3 20. Bxg3 fxg3 21. Bd3 Rf6 22. Qc2 Kf7 23. f4 Bh6 24. Rae1 Rg8 25. f5 g5 26. Ng6 g4 27. hxg4 hxg4 28. Qe2 Ke8 29. Qxg4 Kd8 30. Rf3 Kc7 31. Qxg3 Rg7 32.
Qxd6+ Kxd6 33. g4 Rgxg6 34. Rg3 Rg7 35. Bb5 Rxf5 36. gxf5 Rxg3+ 37. Kf2 Bf4 38. Re6+ Kd7 39. c4 Kc7 40. cxd5 Nxd4 41. Rxe7+ Kb6 42. Re4 Rf3+ 43.
Kg2 Rg3+ 44. Kf2 Nxb5 45. Rxf4 Rg7 46. f6 Rf7 47. Ke3 Kc5 48. Ke4 Nc7 49. Ke5 Nxd5 50. Rf5 Kc4 51. Ke6 Rxf6+ 52. Rxf6 Nxf6 53. Kxf6 Kd3 54. Ke6 Kc2 55. b4 Kb2 56. Kd6 Kxa2 57. Kc7 b5 58. Kc6 a6 59. Kb6 Kb3 60. Ka5 Kc4 61.
Kxa6 Kxb4 0-1

[Event "*** Titled Tuesday Blitz"]
[Site "Chess.com"]
[Date "2021.03.16"]
[Round "11"]
[White "zmeeed67"]
[Black "blitzking1729"]
[Result "0-1"]
[WhiteElo "2445"]
[BlackElo "2632"]
[TimeControl "180+1"]
[EndTime "12:06:04 PDT"]
[Termination "blitzking1729 won by resignation"]

1. d4 Nc6 2. d5 Ne5 3. f4 Ng6 4. e4 d6 5. Nc3 c6 6. g3 Nf6 7. Bg2 cxd5 8. Nxd5 h5 9. Nxf6+ gxf6 10. h4 Bg4 11.
Ne2 Rc8 12. Be3 Bg7 13. Qd3 O-O 14. c3 Qa5 15. O-O a6 16. Nd4 Rfd8 17. a3 Qc7 18.
Rae1 b5 19. Nf5 Bf8 20. Bf3 Bxf3 21. Rxf3 Qc4 22. Bb6 Rd7 23. Qd1 e6 24. Nd4 Rb7 25. Ba5 e5 26. Nf5 d5 27. exd5 exf4 28. gxf4 Rd7 29.
Rd3 Bc5+ 30. Kh1 Qxf4 31. Qxh5 Bf8 32. Rf3 Qd2 33. Rg1 Qxd5 34. Rxg6+ fxg6 35. Qxg6+ Bg7 36. Kg2 Qd2+ 37. Kh3 Qd5 38. Rg3 Qh1+ 39. Kg4 Rc4+ 40. Kh5 Qd1+ 41. Rg4 Rxg4 42. Qxg4 Qd5 43. Qg6 Qf3+ 44.
Qg4 Qxg4+ 45. Kxg4 Bf8 46. Bb4 Rd2 47. Bxf8 Kxf8 48. b4 Ra2 49. Ne3 Rxa3 50. Nd5 Kf7 51. Kf5 Ra1 52. h5 Rf1+ 53. Ke4 Rh1 54. Nc7 Rxh5 55.
Nxa6 Rh4+ 56. Kd5 Rc4 57. Nc7 Rxc7 0-1

[Event "*** Titled Tuesday Blitz"]
[Site "Chess.com"]
[Date "2021.03.16"]
[Round "11"]
[White "LubovMarkelova"]
[Black "ChelsieMonica"]
[Result "1/2-1/2"]
[WhiteElo "2252"]
[BlackElo "2347"]
[TimeControl "180+1"]
[EndTime "12:06:09 PDT"]
[Termination "Game drawn by repetition"]

1. Nf3 Nf6 2. c4 c5 3. Nc3 Nc6 4. g3 g6 5. Bg2 Bg7 6. O-O O-O 7.
d4 cxd4 8. Nxd4 e5 9. Ndb5 a6 10. Nd6 Ne8 11. Nce4 Nxd6 12. Nxd6 Qb6 13. Be3 Nd4 14.
Nxc8 Raxc8 15. b3 d6 16. Bxd4 exd4 17. Qd3 Rfe8 18. Bd5 Re7 19. Rad1 Rce8 20. Bf3 a5 21. h4 Qc5 22. h5 gxh5 23. Kg2 h4 24. Rh1 Bf6 25.
Rde1 Kh8 26. Bd5 Re5 27. Qf3 Bd8 28. Qxf7 b5 29. Rh3 bxc4 30. bxc4 d3 31. Reh1 dxe2 32. Rxh4 Bxh4 33. Rxh4 e1=N+ 34. Kh1 h5 35. Rxh5+ Rxh5+ 36. Qxh5+ Kg7 37. Qxe8 Qxf2 38. Qg8+ Kh6 39. Qh8+ Kg5 40.
Qh4+ Kg6 41. Qg4+ Kf6 42. Qf4+ Qxf4 43. gxf4 Nd3 44. f5 Kxf5 45. Kg2 Nf4+ 46. Kf3 Nxd5 47. cxd5 Ke5 48. Ke3 Kxd5 49. Kd3 Kc5 50. Kc3 d5 51. Kd3 d4 52. Kd2 Kc4 53. Kc2 a4 54. Kd2 a3 55.
Kc2 d3+ 56. Kd2 Kd4 57. Kd1 Kc3 58. Kc1 Kb4 59. Kd2 Kc4 60. Kd1 Kd5 61. Kd2 Kd4 62. Kd1 Kc4 63. Kd2 Kd4 1/2-1/2

[Event "*** Titled Tuesday Blitz"]
[Site "Chess.com"]
[Date "2021.03.16"]
[Round "11"]
[White "ChrisTool2"]
[Black "enriquebutti"]
[Result "1-0"]
[WhiteElo "2353"]
[BlackElo "2221"]
[TimeControl "180+1"]
[EndTime "12:06:11 PDT"]
[Termination "ChrisTool2 won by resignation"]

1. e4 c5 2. Nf3 d6 3. d4 cxd4 4. Nxd4 Nf6 5. Nc3 a6 6. Bg5 e6 7.
f4 b5 8. Qf3 Bb7 9. Bd3 Nbd7 10.
O-O-O Rc8 11. Rhe1 Rxc3 12. bxc3 Qc7 13. Nb3 Be7 14.
Qg3 O-O 15. e5 dxe5 16. fxe5 Ba3+ 17. Kb1 Nd5 18. Qh4 g6 19. Bd2 Rc8 20. Rf1 Nxe5 21.
Qg3 Bd6 22. Qh4 Nxc3+ 23. Ka1 Nxd1 24. Rxd1 Nxd3 25. cxd3 Be7 26. Qd4 Qd8 27. Qf4 f5 28.
Ba5 Bf6+ 29. Kb1 Qd5 30. g4 Qe5 31. Qxe5 Bxe5 32. gxf5 exf5 33. d4 Bxh2 34. d5 Bd6 35. Rd3 f4 36. Nd2 Re8 37. Kc2 g5 38. Bc3 g4 39. Rd4 Be5 40. Re4 Bxd5 41. Rxe5 Rxe5 42. Bxe5 f3 43. a3 h5 44. Bg3 Kf7 45. Kd3 Ke6 46. Kd4 Bb7 47. Nb3 Kf5 48. Nc5 Bc8 49. Ne4 Be6 50. Nd6+ Kg6 51. Ke5 Bb3 52. Ne4 Bc2 53.
Nc5 Bb1 54. Nxa6 Bd3 55. Nc7 Bc4 56. Ne8 Kf7 57. Nd6+ Ke7 58. Nxc4 bxc4 59. Kd4 Kd7 60. Kxc4 Kc6 61. Kd4 Kb5 62. Kc3 Ka4 63. Kb2 Kb5 64. Kb3 Ka5 65. Be1+ Kb5 66. a4+ Ka6 67.
Kb4 1-0

[Event "*** Titled Tuesday Blitz"]
[Site "Chess.com"]
[Date "2021.03.16"]
[Round "11"]
[White "djano"]
[Black "Meri-Arabidze"]
[Result "1/2-1/2"]
[WhiteElo "2489"]
[BlackElo "2638"]
[TimeControl "180+1"]
[EndTime "12:06:14 PDT"]
[Termination "Game drawn by repetition"]

1. e4 c5 2. Nc3 e6 3. f4 Nc6 4. Nf3 a6 5. d4 d5 6. Be3 Nf6 7.
e5 Ng4 8. Bg1 cxd4 9. Nxd4 h5 10.
h3 Qh4+ 11. Kd2 Nf2 12. Bxf2 Qxf2+ 13. Nde2 Bc5 14. Kc1 Be3+ 15. Kb1 Bxf4 16. Nxf4 Qxf4 17. Bd3 Qxe5 18. Re1 Qd4 19. Qf3 Ne5 20. Qg3 Nxd3 21. cxd3 h4 22. Qf3 Kf8 23. a4 Rh6 24. Ra3 Bd7 25. Ne2 Qb4 26. Rc1 Rf6 27. Qe3 Bxa4 28. Rac3 Bc6 29. Nd4 Rb8 30. Rb3 Qd6 31. Nxc6 bxc6 32.
Rxc6 Rf1+ 33. Ka2 Qxc6 34. Rxb8+ Ke7 35. Qg5+ Rf6 36. Rb3 Qa4+ 37. Ra3 Qb5 38. Qe3 Rf5 39. Qa7+ Kf6 40. Rxa6 Rf4 41. Ra3 Rb4 42. Qf2+ Kg6 43. Qc2 d4 44. Qd2 Qd5+ 45. Ka1 Qb5 46. Qe2 Ra4 47.
Qe4+ Kf6 48. Qf4+ Ke7 49. Qc7+ Kf6 50. Qf4+ Kg6 51. Qg4+ Kh7 52. Qxh4+ Kg8 53. Qd8+ Kh7 54. Qh4+ Kg6 55. Qg4+ Kf6 56. Qf4+ Ke7 57. Qc7+ Kf6 58. Qf4+ Ke7 59. Qc7+ Ke8 60. Qc8+ Ke7 61. Qc7+ 1/2-1/2

[Event "*** Titled Tuesday Blitz"]
[Site "Chess.com"]
[Date "2021.03.16"]
[Round "11"]
[White "DrMamaliga"]
[Black "Szparu"]
[Result "0-1"]
[WhiteElo "2384"]
[BlackElo "2613"]
[TimeControl "180+1"]
[EndTime "12:06:16 PDT"]
[Termination "Szparu won on time"]

1. c4 Nf6 2. Nf3 e6 3. b3 d5 4. g3 Be7 5. Bg2 O-O 6. Bb2 c5 7. O-O d4 8. e3 Nc6 9. exd4 cxd4 10. Re1 Qb6 11. d3 Nd7 12. Nbd2 Nc5 13. Ne4 Nxe4 14. Rxe4 Rd8 15. a3 a5 16. Qc2 f5 17. Re2 Bf6 18. Rae1 Bd7 19. Bc1 h6 20. Bf4 g5 21.
Be5 Nxe5 22. Nxe5 Bc8 23. f4 Qc5 24. Kh1 g4 25. Qb2 Be7 26. b4 axb4 27. axb4 Qxb4 28. Qxb4 Bxb4 29. Rb1 Bc3 30. Kg1 Ra7 31. Rb6 Ba5 32. Rb5 Bc7 33. Reb2 Bxe5 34. Rxe5 Kf7 35. h4 gxh3 36.
Bxh3 Rg8 37. Kf2 Ra3 38. Bf1 h5 39. Be2 Rh8 40. Rb1 h4 41. g4 fxg4 42. Bxg4 Rxd3 43. f5 exf5 44. Bxf5 Bxf5 45. Rxf5+ Kg6 46. Rd5 Rf8+ 47.
Kg2 Rg3+ 48. Kh1 Rg5 49. Rb6+ Kh5 50. Rxb7 Rf1+ 51. Kh2 Rf2+ 52. Kh1 Rxd5 53. cxd5 d3 54. Rb1 Rf4 55. Kg2 Kg4 56. d6 Rd4 57. d7 Rxd7 58. Rb4+ Kg5 59. Rb1 d2 60. Rd1 Kg4 61. Kh2 h3 62. Rg1+ Kf3 63. Rd1 Ke2 64. Kxh3 Kxd1 0-1

[Event "*** Titled Tuesday Blitz"]
[Site "Chess.com"]
[Date "2021.03.16"]
[Round "11"]
[White "Das_Virus_2020"]
[Black "CrazyMartian"]
[Result "1-0"]
[WhiteElo "2475"]
[BlackElo "2267"]
[TimeControl "180+1"]
[EndTime "12:06:24 PDT"]
[Termination "Das_Virus_2020 won by resignation"]

1. e4 c5 2. c3 d5 3. exd5 Nf6 4. d4 Nxd5 5. Nf3 e6 6. Be2 cxd4 7. Nxd4 Bd7 8. O-O Nc6 9. Bf3 Nxd4 10. Qxd4 Bc6 11. Nd2 Be7 12. Nc4 O-O 13. Re1 Bf6 14. Qg4 Ne7 15. Be3 Bxf3 16. Qxf3 Qd5 17. Qxd5 Nxd5 18. Nd6 b6 19. Ne4 Nxe3 20. Rxe3 Rfd8 21. Kf1 Rd7 22.
Ree1 Rad8 23. Ke2 Be7 24. Red1 f5 25. Rxd7 Rxd7 26. Nd2 g5 27. Rd1 Kf7 28. a4 e5 29.
f3 Ke6 30. Re1 h5 31. h3 h4 32. Nc4 Bf6 33. Ne3 a6 34. Ra1 Rd6 35. Rc1 e4 36. fxe4 fxe4 37. Ng4 Be5 38. Rd1 Rxd1 39. Kxd1 Bf4 40. Ke2 Kd5 41. b3 b5 42. axb5 axb5 43. Ne3+ Kc5 44. c4 bxc4 45. Nxc4 Kb4 46. Nd2 e3 47. Nc4 Kxb3 48. Nxe3 Kc3 49. Nd5+ Kd4 50. Nxf4 gxf4 51. Kf3 Ke5 52. Kg4 Ke4 53. Kxh4 Ke3 54.
Kg4 Kf2 55. Kxf4 Kxg2 56. h4 Kh3 57. h5 Kh4 58. h6 Kh5 59. h7 Kg6 60. h8=Q Kf7 61.
Qh6 Ke7 62. Ke5 Kd7 63. Qg7+ Kc6 64. Qf6+ Kb5 65. Qd6 Kc4 66. Qd4+ Kb5 67. Qc3 Kb6 68. Kd5 Kb7 69. Qc6+ Kb8 70. Qd7 Ka8 71. Kc6 1-0

[Event "*** Titled Tuesday Blitz"]
[Site "Chess.com"]
[Date "2021.03.16"]
[Round "11"]
[White "GMKrikor"]
[Black "XDPS"]
[Result "0-1"]
[WhiteElo "2757"]
[BlackElo "2817"]
[TimeControl "180+1"]
[EndTime "12:06:25 PDT"]
[Termination "XDPS won on time"]

1. Nf3 g6 2. c4 Bg7 3. e4 d6 4. d4 Nd7 5. Nc3 e5 6. Be3 Ne7 7. Qd2 O-O 8. Bh6 f6 9. Bxg7 Kxg7 10.
h4 h5 11. O-O-O Nc6 12. d5 Ne7 13. Bd3 a5 14. Nh2 Nc5 15. Bc2 f5 16. Nf3 Ng8 17.
Ng5 Nh6 18. f3 Nf7 19. Nxf7 Rxf7 20. Qe3 fxe4 21. Nxe4 Nxe4 22. Bxe4 Qf6 23. Kd2 b6 24. Rc1 Bf5 25. b3 Bxe4 26. Qxe4 Qe7 27. g3 Raf8 28.
Rcf1 Rf5 29. Ke2 Qd7 30. Qd3 Re8 31. Kd2 Qf7 32. a4 Qf6 33. Qe4 Rf8 34. Ke2 Qd8 35.
Rf2 Re8 36. Kd2 Qd7 37. Re1 Qf7 38. Ref1 Qf6 39. Ke2 Re7 40. Kd2 Qf8 41. Re1 Ref7 42. Ref1 Qc8 43. Ke2 Qd7 44. Kd2 Re7 45. Re1 Qe8 46. Ref1 Qf8 47. Re1 Qf6 48. Ref1 g5 49. hxg5 Qxg5+ 50. Qe3 Qxg3 51. Qe2 Qf4+ 52. Kc2 Kh6 53.
Rg2 Rg7 54. Rxg7 Kxg7 55. Rh1 Rg5 56. Rf1 Kh6 57. Qd3 Rg2+ 58. Kb1 Qh2 59. Kc1 Qf4+ 60.
Kb1 Qd2 61. Qxd2+ Rxd2 62. f4 exf4 63. Rxf4 Kg5 64. Rf7 h4 65. Rxc7 h3 66. Kc1 Rg2 67.
Rh7 h2 0-1

[Event "*** Titled Tuesday Blitz"]
[Site "Chess.com"]
[Date "2021.03.16"]
[Round "11"]
[White "AwareIdea"]
[Black "whogeeyao"]
[Result "1-0"]
[WhiteElo "2416"]
[BlackElo "2314"]
[TimeControl "180+1"]
[EndTime "12:06:28 PDT"]
[Termination "AwareIdea won by resignation"]

1. e4 c5 2. Nf3 e6 3. Nc3 Nc6 4. d4 cxd4 5. Nxd4 Qc7 6. Qd2 Nf6 7. f3 Bb4 8. a3 Bc5 9. Ndb5 Qb8 10. b4 Be7 11.
Qg5 O-O 12. Bf4 e5 13. Bg3 h6 14. Qd2 a6 15. Nd5 axb5 16. Nxe7+ Nxe7 17. Bxb5 d5 18. exd5 Nexd5 19. O-O Qc7 20. c4 Nf4 21. Rfe1 Be6 22. Qc3 N6h5 23. Bf2 Rac8 24. Bc5 Rfd8 25. Rxe5 b6 26.
Bf2 Bxc4 27. Rc1 Ne2+ 28. Rxe2 Bxe2 29. Qxc7 Rxc7 30. Rxc7 Bxb5 31. Bxb6 Rd1+ 32. Kf2 Rd2+ 33. Ke3 Rxg2 34. Rc5 Re2+ 35. Kd4 Rd2+ 36. Kc3 Rd3+ 37. Kb2 Ba4 38. Rxh5 Rxf3 39. Bc7 Rb3+ 40. Ka2 Rc3 41. Bg3 Rc2+ 42. Kb1 Kh7 43. Ra5 Bb3 44. b5 Rc5 45.
Kb2 Bd1 46. a4 Bxa4 47. Rxa4 Rxb5+ 48. Kc3 Rg5 49. Ra7 f6 50. Kd3 h5 51. Ke4 Rg4+ 52. Kf3 Kg6 53. Bf4 Rg1 54. Ra5 Rb1 55. Be3 Rb4 56. h3 Rb3 57. Ra4 Rb5 58. Ra1 Rf5+ 59.
Bf4 Kf7 60. Ra7+ Kg6 61. Ke4 Rb5 62. Be3 Rb4+ 63. Kf3 Kh7 64. Bc5 Rb8 65. Bd4 Kg6 66. Ra1 Re8 67. Rg1+ Kf7 68. Kf4 g5+ 69. Kf5 Re6 70.
Ra1 g4 71. Ra7+ Re7 72. Rxe7+ Kxe7 73. Bxf6+ Kf7 74. h4 1-0

[Event "*** Titled Tuesday Blitz"]
[Site "Chess.com"]
[Date "2021.03.16"]
[Round "11"]
[White "SchmakAttack"]
[Black "GregShahade"]
[Result "1-0"]
[WhiteElo "2615"]
[BlackElo "2756"]
[TimeControl "180+1"]
[EndTime "12:06:31 PDT"]
[Termination "SchmakAttack won by checkmate"]

1. e4 e5 2. Nf3 Nc6 3. Bc4 Nf6 4. d3 Bc5 5. c3 a6 6. a4 d6 7. O-O Ba7 8. Re1 O-O 9. h3 h6 10. Nbd2 Re8 11. b4 Be6 12. Bxe6 Rxe6 13. Qc2 Qd7 14. Nf1 d5 15. Be3 Bxe3 16. Nxe3 Ne7 17. exd5 Nexd5 18. Nc4 Rae8 19. Ncxe5 Qd6 20. d4 Nd7 21. Qd2 Nxe5 22. dxe5 Qd7 23. Rad1 Rd8 24. c4 Nb6 25. a5 Qxd2 26.
Rxd2 Rxd2 27. Nxd2 Nd7 28. f4 g5 29. g3 gxf4 30.
gxf4 f6 31. Nf3 Rc6 32. Re4 fxe5 33. Nxe5 Re6 34. Nxd7 Rd6 35. Ne5 Kg7 36. Kg2 Kf6 37. Kf3 Kf5 38. Re3 Rd4 39. Nf7 Rxf4+ 40. Ke2 Rxc4 41.
Nxh6+ Kg6 42. Ng4 Rxb4 43. Re5 Rb3 44. Ne3 b6 45. Re7 Rc3 46. axb6 Rc6 47. Rxc7 Rxb6 48.
Kf3 Kg5 49. Ra7 Re6 50. Ng2 Rb6 51. h4+ Kh5 52. Rh7+ Kg6 53. Rh8 a5 54. Nf4+ Kg7 55. Ra8 Rb5 56. Kg4 Kh6 57. Ra6+ Kh7 58. Ra7+ Kh6 59.
Ra6+ Kh7 60. h5 Kg7 61. Nd3 Kh7 62. Nf2 Kg7 63. Ne4 Rb4 64. Kf5 Rb5+ 65. Kg4 Rb4 66. Kf4 a4 67. Ra5 Kh6 68. Kf3 Rb3+ 69. Kg4 Rb4 70.
Ra6+ Kh7 71. Kf4 Kg7 72. h6+ Kh7 73. Kf5 Rb5+ 74. Kg4 Rb4 75. Kf3 Rb3+ 76. Ke2 a3 77. Ng5+ Kg8 78. Ra8+ Rb8 79. Rxb8# 1-0

[Event "*** Titled Tuesday Blitz"]
[Site "Chess.com"]
[Date "2021.03.16"]
[Round "11"]
[White "ShahMatKanal"]
[Black "Legendinunknown"]
[Result "1/2-1/2"]
[WhiteElo "2478"]
[BlackElo "2585"]
[TimeControl "180+1"]
[EndTime "12:06:35 PDT"]
[Termination "Game drawn - insufficient material"]

1. Nf3 Nf6 2. c4 g6 3. Nc3 Bg7 4. e4 d6 5. d4 O-O 6. Be2 e5 7. d5 Na6 8. O-O Nc5 9. Qc2 a5 10. Bg5 Qe8 11. Nd2 Nfd7 12. Nb5 Na6 13. f3 f5 14. b3 Ndc5 15. Be3 Qe7 16. a3 Bd7 17.
Bxc5 Nxc5 18. Nxc7 Rac8 19. Ne6 Bxe6 20. dxe6 Nxe6 21.
b4 Nd4 22. Qd3 Qg5 23. Nb3 fxe4 24. Qxe4 Nxe2+ 25. Qxe2 axb4 26. axb4 e4 27. Rac1 exf3 28. Rxf3 Bd4+ 29. Kh1 Rxf3 30. Qxf3 Rf8 31. Qd5+ Qxd5 32. cxd5 Bb6 33. h3 Kg7 34. Nd2 Rf5 35. Nc4 Bc7 36. Na5 Bxa5 37. bxa5 Rxd5 38. Rc7+ Kh6 39. Rxb7 Rxa5 40.
Rd7 Rd5 41. Kh2 g5 42. Kg3 Kg6 43. Kg4 h5+ 44. Kf3 Kf6 45. Rd8 Rd4 46. Ke3 Rd1 47. Rf8+ Kg7 48. Rd8 Rd5 49. Ke4 Re5+ 50. Kf3 d5 51. g3 Rf5+ 52. Ke3 g4 53. hxg4 hxg4 54. Ke2 Kf6 55. Rg8 Rg5 56. Rf8+ Ke7 57. Rf4 Ke6 58. Ra4 Ke5 59. Ra8 Ke4 60. Re8+ Re5 61. Rg8 Kd4+ 62. Kd2 Re4 63. Rg5 Kc4 64. Rg7 Rd4+ 65. Ke3 Re4+ 66.
Kd2 Kc5 67. Rc7+ Kd6 68. Rg7 Ra4 69. Rg6+ Kc5 70. Rg8 Ra2+ 71. Ke3 Ra3+ 72. Kf4 Ra4+ 73. Kf5 Re4 74. Rxg4 Rxg4 75. Kxg4 Kc4 76. Kf3 d4 77.
Ke2 Kc3 78. Kd1 Kd3 79. g4 Ke4 80. Kd2 Kf4 81. Kd3 Kxg4 82. Kxd4 1/2-1/2

[Event "*** Titled Tuesday Blitz"]
[Site "Chess.com"]
[Date "2021.03.16"]
[Round "11"]
[White "SilviusTiberius"]
[Black "dpopadic"]
[Result "0-1"]
[WhiteElo "2521"]
[BlackElo "2377"]
[TimeControl "180+1"]
[EndTime "12:06:41 PDT"]
[Termination "dpopadic won on time"]

1. e4 c5 2. Nf3 Nc6 3. d4 cxd4 4. Nxd4 Nf6 5. Nc3 e5 6. Ndb5 d6 7. Nd5 Nxd5 8. exd5 Nb8 9. a4 Be7 10. Be2 Nd7 11.
O-O a6 12. Na3 a5 13. Nb5 Nc5 14. f4 exf4 15. Bxf4 O-O 16. Ra3 Qb6 17. Kh1 Bd7 18. c4 Bxb5 19. cxb5 Bf6 20. Rh3 Rae8 21. Bd3 g6 22.
Bc2 Bg7 23. Qd2 f5 24. Qf2 Qc7 25. Qh4 Be5 26. Bh6 Rf7 27. Rhf3 Qe7 28. Qe1 Bd4 29. Qxa5 Qe2 30. Bd1 Qxb2 31. g4 Bg7 32. Bxg7 Kxg7 33. gxf5 Ref8 34. fxg6 Rxf3 35. Rxf3 Rxf3 36. Bxf3 Qc1+ 37.
Kg2 Qg5+ 38. Kf1 Qc1+ 39. Qe1 Qxe1+ 40. Kxe1 Nxa4 41. gxh7 Nc3 42. b6 Na4 43. Kd2 Nxb6 44. Kc3 Kxh7 45. Kb4 Nd7 46. Kb5 Kg7 47. Bg4 Ne5 48.
Be6 Kf6 49. Kb6 Nf3 50. Kxb7 Nxh2 51. Kc7 Ke5 52. Kd7 Nf3 53. Kc6 Nd4+ 54. Kd7 Ne2 55. Kc6 Nf4 56. Kd7 Nxd5 57. Bg8 Nf4 58. Kc6 Ne6 59.
Kb5 d5 60. Kb4 d4 61. Kc4 Nf4 62. Bh7 Nh3 63. Kc5 Nf2 64. Kc4 Ng4 65. Bg6 Ne3+ 66.
Kc5 Ng4 67. Bh7 Nf6 68. Bb1 Ne4+ 69. Kb4 Nd2 70. Bc2 Kf4 71. Bh7 Ke3 72. Ka3 Ne4 73.
Kb2 d3 74. Kc1 d2+ 75. Kc2 Nf2 0-1

[Event "*** Titled Tuesday Blitz"]
[Site "Chess.com"]
[Date "2021.03.16"]
[Round "11"]
[White "slavenok"]
[Black "FairChess_on_YouTube"]
[Result "0-1"]
[WhiteElo "2756"]
[BlackElo "2965"]
[TimeControl "180+1"]
[EndTime "12:06:47 PDT"]
[Termination "FairChess_on_YouTube won by resignation"]

1. e4 d5 2. exd5 Qxd5 3. d4 Nf6 4. Nf3 Bg4 5. Be2 e6 6. c4 Qd8 7. O-O Be7 8. Nc3 O-O 9. h3 Bxf3 10. Bxf3 c6 11. Be3 Nbd7 12. Qd2 Bb4 13. Rfd1 Qa5 14.
Rac1 Nb6 15. Qd3 Rad8 16. a3 Bxc3 17. Rxc3 e5 18. Qf5 Qa4 19. Qxe5 Nxc4 20. Qc5 Nxe3 21.
fxe3 Rfe8 22. Re1 Nd5 23. Rd3 Qa6 24. Qc2 Qa5 25. Qf2 g6 26. e4 Nf4 27. Rd2 Qg5 28.
Kh2 Ne6 29. d5 Qe5+ 30. Qg3 Ng5 31. Red1 cxd5 32. Qxe5 Rxe5 33. exd5 Rd6 34. Kg3 Kg7 35. h4 Nxf3 36. gxf3 b5 37. Rd4 a5 38. a4 bxa4 39.
Rxa4 Rexd5 40. Rxd5 Rxd5 41. b4 Rd4 42. Rxa5 Rxb4 43.
h5 Kh6 44. hxg6 hxg6 45. Ra7 f5 46. Ra5 Kh5 47. Rd5 Kg5 48. Ra5 Rb3 49. Ra8 Rc3 50. Ra7 Rc1 51. Ra8 Rg1+ 52. Kf2 Rh1 53. Rb8 Rh2+ 54.
Kg3 Rh4 55. Rb5 Rc4 56. Rb8 Rc7 57. f4+ Kf6 58. Rb6+ Kg7 59. Rb3 Kh6 60. Kh4 Rc1 61. Kg3 Rg1+ 62. Kf2 Rh1 63. Kg3 Rd1 64. Kf2 Kh5 65. Kg3 Rc1 66. Ra3 Rb1 67. Rc3 Rg1+ 68. Kf2 Rg4 69. Kf3 Kh4 70. Rc1 Rg3+ 71. Kf2 Kg4 72. Rc4 Rf3+ 73. Kg2 Rxf4 74. Rc6 g5 75. Rc2 Ra4 76. Rb2 f4 77. Rc2 Ra3 78. Rb2 Rh3 79.
Rb4 Re3 80. Rc4 Re2+ 81. Kf1 Ra2 82. Rc3 f3 83. Rc1 Kg3 84. Rb1 g4 85. Rc1 Rh2 86.
Kg1 f2+ 0-1

[Event "*** Titled Tuesday Blitz"]
[Site "Chess.com"]
[Date "2021.03.16"]
[Round "11"]
[White "Jospem"]
[Black "Fandorine"]
[Result "0-1"]
[WhiteElo "2918"]
[BlackElo "2889"]
[TimeControl "180+1"]
[EndTime "12:07:01 PDT"]
[Termination "Fandorine won on time"]

1. e4 c5 2. Nf3 e6 3. g3 Nc6 4. Bg2 a6 5. O-O Nf6 6. Qe2 d6 7. c3 Be7 8. d4 O-O 9. e5 Nd7 10. Rd1 d5 11. h4 f6 12. exf6 Nxf6 13. Be3 cxd4 14. cxd4 Bd7 15. Nc3 Bd6 16. Re1 h6 17.
Rad1 Rc8 18. Bc1 Rc7 19. Ne5 Bc8 20. f4 b5 21. a3 b4 22. axb4 Bxb4 23. Ng6 Re8 24.
g4 Bxc3 25. bxc3 Ne7 26. Nxe7+ Qxe7 27. Rd3 Ne4 28. g5 Bb7 29. Qg4 Kh8 30. Rf1 Qf7 31. f5 h5 32. Qf4 exf5 33. g6 Qd7 34. Qxf5 Qxf5 35. Rxf5 Rc6 36. Rxh5+ Kg8 37. Bf4 Rxg6 38. Re5 Rf8 39. Rf3 Rgf6 40. Re7 Bc6 41. Be5 Rg6 42. Rxf8+ Kxf8 43. Ra7 Bb5 44. Kh2 Bd3 45. Bh3 Nf2 46.
Ra8+ Kf7 47. Ra7+ Kf8 48. h5 Rg5 49. Bd6+ Kg8 50. Be6+ Kh7 51. Be5 Ng4+ 52. Bxg4 Rxg4 53. Kh3 Bf5 54. Kh2 Rg5 55. Rxa6 Rxh5+ 56. Kg3 Bd3 57. Ra7 Rg5+ 58. Kf4 Rg6 59. Rd7 Bc4 60. Rc7 Kg8 61. Kf5 Rg1 62. Ke6 Rg6+ 63. Kf5 Rg1 64. Ke6 Rg6+ 65.
Ke7 Rg1 66. Rc8+ Kh7 67. Rc7 Rg2 68. Kf7 Rf2+ 69. Ke8 Rg2 70. Kf8 Rf2+ 71. Ke7 Rg2 72. Ke6 Kh6 73. Rc8 Kh7 74. Kf5 Bd3+ 75. Ke6 Bc4 76. Kd6 Rg6+ 77. Kc5 Rg1 78. Rd8 g5 79. Kd6 Kg6 80. Ke6 Kh5 81. Rg8 Kg4 82. Bf6 Kf4 83.
Be5+ Ke4 84. Kf6 g4 0-1

[Event "*** Titled Tuesday Blitz"]
[Site "Chess.com"]
[Date "2021.03.16"]
[Round "11"]
[White "IMAghasiyevKamal"]
[Black "Unknown_IM"]
[Result "1/2-1/2"]
[WhiteElo "2495"]
[BlackElo "2419"]
[TimeControl "180+1"]
[EndTime "12:07:02 PDT"]
[Termination "Game drawn by repetition"]

1. d4 Nf6 2. c4 c5 3. d5 g6 4. Nc3 Bg7 5. e4 d6 6. Bd3 O-O 7. h3 e6 8. Nf3 e5 9. Bg5 h6 10. Be3 Nh7 11. Qd2 f5 12. Bxh6 f4 13. Bxg7 Kxg7 14.
O-O-O g5 15. Be2 Nd7 16. Rdg1 Ndf6 17. g3 Qe7 18. gxf4 exf4 19. Nxg5 Nxg5 20. Rxg5+ Kh8 21. Qxf4 Nh7 22. Rf5 Bxf5 23. exf5 Qf6 24. Bg4 Rae8 25.
Rd1 Qg5 26. Qxg5 Nxg5 27. f3 Kg7 28. h4 Nh7 29. Ne4 Rd8 30. Ng5 Nxg5 31. hxg5 Rde8 32. Kd2 Rh8 33. f6+ Kg6 34. Be6 Kxg5 35. f7 Ref8 36. Rg1+ Kf4 37. Rg4+ Kxf3 38. Rg8 Kf4 39. Kc2 Ke5 40.
Kb3 b6 41. Ka4 a6 42. a3 Kd4 43. Rg4+ Kd3 44. b4 Kc2 45. bxc5 dxc5 46. d6 Kb2 47. d7 Kc3 48. Rg3+ Kc2 49. Rg2+ Kc3 50.
Rg3+ Kd4 51. Rb3 Rb8 52. Rb1 Ke5 53. Re1+ Kd6 54. Kb3 b5 55. cxb5 axb5 56. Re2 Rbd8 57. Kb2 Rh6 58. Ba2 c4 59. a4 Rf6 60. axb5 Rxf7 61. Bxc4 Rfxd7 62. Kb3 Kc5 63. Re5+ Kb6 64.
Kb4 Rd6 65. Re7 R8d7 66. Re8 Rb7 67. Re5 Rc7 68. Re4 Rd1 69. Re6+ Kb7 70. Re4 Rb1+ 71. Kc3 Rc1+ 72. Kb4 Kb6 73. Re6+ Kb7 74. Re4 Rd7 75. Bb3 Kc7 76. Bc4 Rcd1 77. Kc5 Rc1 78. Rf4 Kb7 79.
Re4 Rc7+ 80. Kb4 1/2-1/2